 Dungeon Crawl Stone Soup version 0.18-a0-971-g0af6217 (webtiles) character file.

15033 4thArraOfDagon the Spear-Bearer (level 11, -3/92 HPs)
             Began as a Centaur Air Elementalist on Jan 1, 2016.
             Was a High Priest of Makhleb.
             Slain by a balrug
             ... wielding a +0 demon whip of electrocution
             ... summoned by the player character
              (22 damage)
             ... on level 2 of the Orcish Mines on Jan 2, 2016.
             The game lasted 01:09:45 (10825 turns).

4thArraOfDagon the Spear-Bearer (CeAE)             Turns: 10825, Time: 01:09:45

Health: -3/92      AC: 13    Str: 16    XL:     11   Next: 96%
Magic:  16/16      EV:  5    Int: 15    God:    Makhleb [*****.]
Gold:   1168       SH:  0    Dex: 11    Spells: 3 memorised, 11 levels left

rFire  . . .     SeeInvis .     a - +1 demon trident (flame)
rCold  . . .     Gourm    .     s - +2 troll leather armour
rNeg   . . .     Faith    .     (no shield)
rPois  .         Spirit   .     f - +1 helmet
rElec  .         Dismiss  .     u - +0 cloak
rCorr  .         Reflect  .     E - +1 pair of gloves
SustAt .         Harm     +     (no barding)
MR     .....                    G - amulet of harm
Stlth  +.........               z - +3 ring of strength
                                p - +3 ring of strength

@: repel missiles, very quick, not resistant to hostile enchantments, very
unstealthy
A: hooves 3, deformed body, dopey 1, speed 2, tough skin 3
a: Minor Destruction, Lesser Servant of Makhleb, Major Destruction, Greater
Servant of Makhleb, Renounce Religion


You were on level 2 of the Orcish Mines.
You worshipped Makhleb.
Makhleb was extremely pleased with you.
You were full.

You visited 2 branches of the dungeon, and saw 17 of its levels.
You also visited: Volcano.

You collected 1516 gold pieces.
You spent 348 gold pieces at shops.

Inventory:

Hand Weapons
 a - a +1 demon trident of flaming (weapon)
 K - a +0 demon trident of flaming
Missiles
 k - 8 javelins (quivered)
 F - 8 poisoned javelins
Armour
 f - a +1 helmet (worn)
 s - a +2 troll leather armour (worn)
 u - a +0 cloak (worn)
 w - the +0 robe of Pejuxuab {+Fly rF+++ Dex-5}
   (You found it on level 6 of the Dungeon)

   It affects your dexterity (-5).
   It renders you almost immune to fire.
   It lets you fly.
 E - a +1 pair of gloves (worn)
Jewellery
 i - an uncursed ring of ice
 p - a +3 ring of strength (left hand)
 z - a +3 ring of strength (right hand)
 G - an amulet of harm (around neck)
Wands
 l - a wand of disintegration (10/24)
 v - a wand of random effects (2/48)
 D - a wand of slowing (22/48)
Scrolls
 g - 4 scrolls of remove curse
 m - 4 scrolls of teleportation
 r - a scroll of blinking
 x - 3 scrolls of immolation
 y - a scroll of identify
 C - 2 scrolls of noise
Potions
 e - a potion of flight
 h - 4 potions of cancellation
 j - 2 potions of brilliance
 o - a potion of lignification
 I - 2 potions of heal wounds
Books
 b - a book of Air

   Spells                             Type                      Level
   a - Shock                          Conjuration/Air              1
   b - Swiftness                      Charms/Air                   2
   c - Repel Missiles                 Charms/Air                   2
   d - Static Discharge               Conjuration/Air              3
   e - Lightning Bolt                 Conjuration/Air              5
 A - a book of Annihilations

   Spells                             Type                      Level
   a - Poison Arrow                   Conjuration/Poison           6
   b - Chain Lightning                Conjuration/Air              8
   c - Lehudib's Crystal Spear        Conjuration/Earth            8
   d - Glaciate                       Conjuration/Ice              9
   e - Fire Storm                     Conjuration/Fire             9
Comestibles
 c - 5 bread rations
 d - 3 chunks of flesh
 q - a meat ration


   Skills:
 - Level 7.0 Fighting
 * Level 13.1 Polearms
 + Level 3.2 Armour
 + Level 3.7 Dodging
 - Level 1.2 Stealth
 - Level 3.1 Spellcasting
 - Level 2.4 Conjurations
 - Level 3.7 Air Magic
 - Level 7.2 Invocations


You had 11 spell levels left.
You knew the following spells:

 Your Spells              Type           Power        Failure   Level  Hunger
a - Shock                 Conj/Air       ##..         10%         1    #......
b - Repel Missiles        Chrm/Air       #.....       17%         2    ##.....
c - Swiftness             Chrm/Air       #.......     17%         2    ##.....


Dungeon Overview and Level Annotations

Branches:
Dungeon (15/15)            Temple (0/1) D:7            Lair (0/8) D:10
    Orc (2/2) D:10            Elf (0/3) Orc:2
 Vaults: D:13-14     Depths: D:15

Altars:
Dithmenos
Kikubaaqudgha
Makhleb
Pakellas
Ru
Sif Muna
Xom
Yredelemnul
Zin

Shops:
D:13 (

Annotations:
D:5 Sigmund
D:6 George's ghost, novice HOGl
D:14 Pikaro's ghost, adept DsFi
Orc:2 Rupert


Innate Abilities, Weirdness & Mutations

You have hooves in place of feet.
Armour fits poorly on your strangely shaped body.
You cover ground very quickly.
You have extremely tough skin (AC +3).
You are dopey. (Int -2)


Message History

You see here a +0 robe.
Rupert shouts!
Unknown command.
You see here a +0 robe.
Unknown command.
A demon appears!
It doesn't seem very happy.
You feel somewhat less full.
Unknown command.
Unknown command.
Unknown command.
There is a stone staircase leading up here.
Unknown command.
Unknown command.
The balrug hits you with a demon whip of electrocution.
You are engulfed in flames!!
You are electrocuted!
The balrug hits you with a demon whip of electrocution!!
* * * LOW HITPOINT WARNING * * *
You are engulfed in flames!!
You die...

*##.....................##
**...................##.##*
*.....#....@#....#.###.##**
*#.#...#....##..#####..***≈
*#.........#....# ##.**≈≈
##.............## ##**≈,
#........[.....# *** *≈,
##.###........##****∩****,
#........@2..##**≈≈≈,≈≈≈**
#.......#...##**≈≈,,,,,,,*
##.#...#....#**≈≈,,,8,,,,,
##.##..#.....#*≈≈,8,≈,≈,8,,
#......##.####*≈,,,≈≈,≈≈,,,
##.##.##### **≈,,≈≈,,,≈≈,,
#**###*** *∩,,8,,,_,,≈8,
**,** **≈,,≈≈,,,≈≈,,
*,,,*****≈,,,≈≈,≈≈,,,


You could see Rupert and a balrug.

Vanquished Creatures
  A hydra (D:13)
  A centaur warrior (D:14)
  A hill giant (D:15)
  A cyclops (D:13)
  A yaktaur (D:14)
  5 trolls
  A freezing wraith (D:14)
  A slime creature (D:12)
  A shadow (D:12)
  A wraith (D:12)
  A wyvern (D:7)
  7 yaks
  A hungry ghost (D:7)
  A basilisk (D:10)
  2 hippogriffs
  2 wargs (Orc:1)
  A soldier ant (D:11)
  5 porcupines (D:10)
  A merfolk skeleton (Volcano)
  3 ice beasts
  14 orc warriors
  2 sky beasts
  A wasp (D:11)
  5 ogres
  2 necrophages
  4 centaurs
  2 manticore skeletons (Volcano)
  14 crocodiles
  A big kobold (D:7)
  5 giant frogs
  A wyvern skeleton (D:14)
  3 scorpions
  8 wights
  2 killer bees
  A troll skeleton (Volcano)
  A spriggan skeleton (Volcano)
  A wasp zombie (D:11)
  A centaur zombie (D:7)
  5 crimson imps
  4 jellies
  2 giant frog skeletons
  6 orc priests
  8 hounds
  5 orc wizards
  3 centaur skeletons
  6 iguanas
  A two-headed ogre skeleton (Volcano)
  4 worker ants
  An ogre skeleton (Volcano)
  A hound skeleton (D:9)
  2 mummies (Volcano)
  A worker ant zombie (D:11)
  6 gnolls
  9 adders
  3 river rats (D:10)
  A shadow imp (D:12)
  20 giant geckos
  45 orcs
  A ball python (D:1)
  4 giant cockroaches
  10 goblins
  9 hobgoblins
  11 jackals
  4 quokkas
  5 bats
  A giant gecko skeleton (D:7)
  7 giant newts (D:11)
  11 kobolds
  6 rats
  A butterfly (D:4)
309 creatures vanquished.

Vanquished Creatures (collateral kills)
  A hydra (D:13)
  The ghost of Duffy the Destroyer, a novice DEFE of Vehumet (D:10)
  A vampire (Volcano)
  3 basilisks (D:10)
  An orc warrior (Orc:2)
  A giant frog zombie (D:5)
  2 ogre skeletons (Volcano)
  2 river rats (D:10)
  2 orcs (Orc:2)
14 creatures vanquished.

Vanquished Creatures (others)
  6 plants (D:10)
6 creatures vanquished.

Grand Total: 329 creatures vanquished

Notes
Turn   | Place    | Note
--------------------------------------------------------------
     0 | D:1      | 4thArraOfDagon the Centaur Air Elementalist began the quest for the Orb.
     0 | D:1      | Reached XP level 1. HP: 14/14 MP: 3/3
     0 | D:1      | lets do ti
    13 | D:1      | Reached skill level 1 in Conjurations
   216 | D:1      | Reached XP level 2. HP: 11/20 MP: 4/4
   224 | D:1      | Reached skill level 3 in Air Magic
   474 | D:2      | Reached XP level 3. HP: 11/26 MP: 0/5
   499 | D:2      | Learned a level 2 spell: Repel Missiles
   539 | D:2      | Found a burning altar of Makhleb.
   539 | D:2      | Found an oddly glowing altar of Pakellas.
   540 | D:2      | Found a shadowy altar of Dithmenos.
   636 | D:2      | Learned a level 2 spell: Swiftness
   683 | D:2      | Reached XP level 4. HP: 8/33 MP: 0/6
  1026 | D:3      | Found a glowing silver altar of Zin.
  1192 | D:4      | Reached XP level 5. HP: 27/38 MP: 0/9
  1215 | D:4      | Found a shimmering altar of Xom.
  1319 | D:5      | Entered Level 5 of the Dungeon
  1371 | D:5      | Reached skill level 1 in Fighting
  1434 | D:5      | Noticed Sigmund
  1563 | D:5      | Noticed a phantom
  1607 | D:5      | Found a basalt altar of Yredelemnul.
  1849 | D:5      | Found a sacrificial altar of Ru.
  1970 | D:7      | Noticed an orc warrior
  1972 | D:7      | Noticed an ice beast
  1984 | D:6      | Noticed an ice beast
  2016 | D:5      | You fall through a shaft!
  2027 | D:6      | Found a burning altar of Makhleb.
  2028 | D:6      | hmmmmm
  2048 | D:6      | Became a worshipper of Makhleb the Destroyer
  2062 | D:6      | Reached XP level 6. HP: 45/50 MP: 4/10
  2100 | D:6      | Noticed George's ghost (novice HOGl)
  2103 | D:6      | Got a fine robe
  2165 | D:5      | Found an ancient bone altar of Kikubaaqudgha.
  2265 | D:7      | Noticed a wyvern
  2290 | D:7      | Killed a wyvern
  2290 | D:7      | Reached skill level 4 in Fighting
  2407 | D:7      | Reached XP level 7. HP: 36/60 MP: 4/11
  2418 | D:7      | Found a staircase to the Ecumenical Temple.
  2427 | D:7      | Reached skill level 5 in Fighting
  2569 | D:7      | Reached * piety under Makhleb
  2604 | D:7      | Identified the cursed +0 robe of Pejuxuab {+Fly rF+++ Dex-5} (You found it on level 6 of the Dungeon)
  2604 | D:7      | ohhh
  2681 | D:8      | halberds?
  2687 | D:8      | Reached skill level 6 in Fighting
  2886 | D:8      | Reached skill level 7 in Fighting
  2886 | D:8      | Reached skill level 1 in Polearms
  2956 | D:9      | Upgraded the game from 0.18-a0-965-g9200175 to 0.18-a0-971-g0af6217
  3039 | D:9      | Reached XP level 8. HP: 47/72 MP: 12/12
  3257 | D:10     | Entered Level 10 of the Dungeon
  3577 | D:11     | Reached skill level 5 in Polearms
  3581 | D:11     | Paralysed by a wasp for 2 turns
  3587 | D:11     | HP: 2/73 [wasp (12)]
  4014 | D:11     | Reached ** piety under Makhleb
  4065 | D:10     | Found a staircase to the Orcish Mines.
  4177 | D:11     | Reached XP level 9. HP: 43/79 MP: 10/13
  4647 | D:11     | Reached skill level 8 in Polearms
  4854 | D:11     | Reached *** piety under Makhleb
  4962 | D:11     | Reached skill level 1 in Invocations
  5101 | D:10     | Noticed a fire dragon
  5248 | D:10     | Reached skill level 9 in Polearms
  5542 | D:12     | Noticed a troll
  5601 | D:12     | Killed a troll
  5858 | D:12     | Reached XP level 10. HP: 86/86 MP: 12/14
  5905 | D:13     | Found an ancient bone altar of Kikubaaqudgha.
  5924 | D:13     | Noticed a cyclops
  5937 | D:14     | Noticed a centaur warrior
  5958 | D:13     | Killed a cyclops
  5958 | D:13     | Reached skill level 10 in Polearms
  6007 | D:13     | Found Muinul Hese's Weapon Emporium.
  6016 | D:13     | Bought a +0 demon trident of flaming for 348 gold pieces
  6079 | D:13     | Reached **** piety under Makhleb
  6155 | D:14     | Noticed a yaktaur captain
  6220 | D:15     | Entered Level 15 of the Dungeon
  6223 | D:15     | Noticed a hill giant
  6246 | D:15     | Killed a hill giant
  6246 | D:15     | Reached skill level 5 in Invocations
  6285 | D:15     | Noticed a white ugly thing
  6328 | D:15     | Noticed a white ugly thing
  6331 | D:15     | Noticed a white ugly thing
  6332 | D:15     | Noticed a white ugly thing
  6334 | D:15     | Noticed a white ugly thing
  6518 | D:14     | Noticed Pikaro's ghost (adept DsFi)
  6543 | D:15     | Noticed an orc sorcerer
  6726 | D:14     | Reached skill level 11 in Polearms
  6772 | D:14     | Noticed a centaur warrior
  6790 | D:14     | Killed a centaur warrior
  7174 | D:13     | Noticed a six-headed hydra
  7175 | D:13     | Noticed a five-headed hydra
  7203 | D:13     | Killed a six-headed hydra
  7203 | D:13     | Reached XP level 11. HP: 87/92 MP: 16/16
  7222 | D:13     | Found a deep blue altar of Sif Muna.
  7243 | D:13     | Killed a five-headed hydra
  7508 | D:10     | Reached skill level 12 in Polearms
  7662 | D:10     | Reached skill level 1 in Armour
  7771 | D:10     | Found a staircase to the Lair.
  7775 | D:10     | Noticed Duffy's ghost (novice DEFE)
  7794 | D:10     | Killed Duffy's ghost
  8241 | D:8      | Reached ***** piety under Makhleb
  8918 | Orc:1    | Entered Level 1 of the Orcish Mines
  9353 | Orc:2    | Entered Level 2 of the Orcish Mines
  9542 | Orc:2    | Found a staircase to the Elven Halls.
  9655 | Orc:2    | Found a dark tunnel.
  9660 | Volcano  | Entered a volcano
  9749 | Volcano  | HP: 3/92 [ogre skeleton (12)]
 10004 | Orc:2    | Noticed Rupert
 10032 | Orc:2    | Noticed a blizzard demon
 10086 | Orc:2    | Reached skill level 13 in Polearms
 10425 | Orc:2    | Noticed a cacodemon
 10426 | Orc:2    | Gained mutation: You are dopey. (Int -2) [a cacodemon]
 10613 | Orc:2    | Noticed a blizzard demon
 10614 | Orc:2    | WHY
 10715 | Orc:2    | Noticed a green death
 10718 | Orc:1    | RLY
 10822 | Orc:2    | Noticed a balrug
 10825 | Orc:2    | Slain by a balrug

Vault maps used:
D:1:      dpeg_arrival_oval, minmay_cut_off
D:2:      gammafunk_temple_overflow_forgotten
D:3:      nicolae_overflow_crystal_walls, minivault_24, fountainhead,
          kennysheep_donut, minmay_joined_circles, uniq_robin, uniq_natasha
D:4:      xom_butterflies, grunt_pakellas_salt
D:5:      lemuel_upstairs_altar, nicolae_ru_awakened_eye,
          kennysheep_okawaru_gauntlet, lemuel_zombie_altar_yredelemnul,
          first_bread, uniq_sigmund
D:6:      makhleb_heckhound_becter
D:7:      minmay_temple_entry_purple_smoke
D:8:      hangedman_tree_tricks
D:10:     minmay_lair_entry_grove, serial_column_ruins, column_ruins_hut,
          column_ruins_hut, column_ruins_open_medium,
          column_ruins_columns_corner, column_ruins_open_small,
          column_ruins_open_tiny, column_ruins_open_small
D:11:     lemuel_reptile_caves
D:12:     special_room, uniq_nessos
D:13:     basic_altar, serial_shops, shop, lemuel_statue_altar
D:14:     evilmike_diamond_2, david_vaults_2, minmay_misc_feat_x,
          minmay_misc_feat_plants
D:15:     grunt_enter_depths_snipers, serial_shops, shop, nrook_mini_backslash
Orc:2:    kennysheep_orc_mage_school, nicolae_volcano_entry_s_turn,
          nicolae_orc_lava_tube, uniq_rupert
Volcano:  volcano_tomb

Action                   |  1- 3 |  4- 6 |  7- 9 | 10-12 || total
-------------------------+-------+-------+-------+-------++-------
Melee: Club              |    45 |       |       |       ||    45
       Unarmed           |     1 |       |       |       ||     1
       Short sword       |    10 |    20 |       |       ||    30
       Spear             |       |    32 |       |       ||    32
       Dagger            |       |    14 |   102 |       ||   116
       Halberd           |       |       |   195 |     9 ||   204
       Demon trident     |       |       |       |   620 ||   620
Throw: Javelin           |     1 |       |       |       ||     1
 Cast: Shock             |    31 |    61 |   150 |    15 ||   257
       Repel Missiles    |     1 |     1 |       |     3 ||     5
Invok: Lesser Servant of |       |       |       |     8 ||     8
       Greater Servant o |       |       |       |     5 ||     5
Evoke: Wand              |       |     8 |     4 |       ||    12
  Use: Scroll            |       |     9 |     7 |    14 ||    30
       Potion            |       |     1 |     2 |     3 ||     6
 Stab: Sleeping          |       |       |     2 |     1 ||     3
       Distracted        |       |       |       |     4 ||     4
  Eat: Chunk             |       |     4 |     5 |    11 ||    20
       Beef jerky        |       |     1 |       |       ||     1
       Meat ration       |       |       |     2 |     1 ||     3
